AoeStats
← JR125941

Arena

510667755Analyzed
4v4 RM · 18h ago on Oct 2, 2026· 35m 39s· 8 players
Game mode
Random Map
Map size
Large (8 player)
Population
200
Speed
Normal
Resources
Standard
Victory
Conquest
Starting age
Dark Age
Ending age
Imperial Age
RankedLock teamsTeams togetherTeam positionsShared explorationLock speedFull tech treeHidden civsTurbo modeCheats
Victory
Defeat
🇦🇺 Franks · Australia
791
+9
🇹🇷 Italians · Türkiye
739
+10
🇧🇷 Byzantines · Brazil
734
+11
🇧🇷 Wu · Brazil
631
+14
🇺🇸 Georgians · United States
640
-12
🇺🇸 Vietnamese · United States
617
-11
603
-11
🇺🇸 Spanish · United States
578
-10
[MIAAU] Gatúbelo Palestinian
8:35 Loom
12:13 Feudal Age
14:33 Wheelbarrow
14:13 Double-Bit Axe
17:09 Castle Age
15:29 Horse Collar
15:48 Gold Mining
17:06 Stone Mining
22:20 Gold Shaft Mining
Tommy2cox
10:57 Feudal Age
11:40 Horse Collar
13:08 Wheelbarrow
19:47 Castle Age
18:30 Scale Barding Armor
19:00 Loom
20:04 Gold Mining
20:06 Loom
20:20 Light Cavalry
21:05 Husbandry
21:15 Bloodlines
24:07 Fletching
24:17 Padded Archer Armor
24:56 Double-Bit Axe
25:14 Heavy Plow
26:13 Stone Mining
26:57 Elite Skirmisher
29:07 Thumb Ring
30:04 Bow Saw
31:44 Leather Archer Armor
31:24 Bodkin Arrow
Karma_Slays
12:54 Feudal Age
17:12 Double-Bit Axe
17:13 Horse Collar
20:20 Castle Age
20:09 Wheelbarrow
19:34 Gold Mining
23:21 Heavy Plow
27:53 Elite Skirmisher
28:38 Padded Archer Armor
28:29 Fletching
29:17 Bow Saw
30:45 Leather Archer Armor
30:39 Bodkin Arrow
32:31 Thumb Ring
36:19 Imperial Age
K1NGlogman
11:21 Feudal Age
13:19 Double-Bit Axe
13:28 Stone Mining
18:11 Horse Collar
24:06 Scale Barding Armor
26:07 Castle Age
29:39 Chain Barding Armor
29:31 Forging
28:45 Light Cavalry
29:36 Bloodlines
29:26 Husbandry
30:17 Bow Saw
32:47 Gold Mining
Tayssa09
14:13 Feudal Age
17:57 Castle Age
16:38 Double-Bit Axe
16:38 Horse Collar
18:38 Gold Mining
18:38 Stone Mining
22:27 Bow Saw
25:22 Imperial Age
25:37 Caravan
27:15 Chemistry
31:01 Padded Archer Armor
34:46 Leather Archer Armor
34:22 Fletching
massanka21
13:29 Feudal Age
12:54 Loom
17:22 Double-Bit Axe
17:29 Horse Collar
20:10 Castle Age
19:14 Fletching
19:25 Padded Archer Armor
19:51 Stone Mining
21:42 Wheelbarrow
22:15 Bodkin Arrow
22:34 Bow Saw
22:54 Scale Mail Armor
23:03 Squires
24:11 Heavy Plow
25:04 Gold Mining
27:11 Pikeman
30:25 Hand Cart
30:36 Ballistics
29:57 Treadmill Crane
31:15 Leather Archer Armor
32:03 Silk Road
33:00 Caravan
32:59 Murder Holes
37:00 Imperial Age
34:49 Chain Mail Armor
JR125941
12:51 Feudal Age
15:35 Double-Bit Axe
20:49 Castle Age
22:17 Bow Saw
25:52 Scale Barding Armor
28:27 Stone Mining
28:27 Gold Mining
29:50 Husbandry
32:46 Imperial Age
32:35 Treadmill Crane
33:13 Fortified Wall
32:31 Ordonnance Companies
33:41 Cavalier
34:51 Forging
34:42 Scale Mail Armor
evairdaniel
5:29 Loom
11:02 Feudal Age
12:03 Horse Collar
12:12 Double-Bit Axe
21:22 Castle Age
21:45 Forging
21:37 Padded Archer Armor
21:33 Fletching
23:00 Bow Saw
23:12 Heavy Plow
24:10 Stone Mining
25:32 Stone Shaft Mining
26:44 Wheelbarrow
27:54 Hand Cart
29:47 Iron Casting
29:30 Leather Archer Armor
31:28 Gold Mining
32:37 Murder Holes
32:23 Treadmill Crane
32:54 Masonry
32:34 Heated Shot
33:06 Ballistics
35:12 Gold Shaft Mining
35:43 Bodkin Arrow
35:49 Scale Mail Armor
35:54 Scale Barding Armor
Connection lost

Rejoining the realm…

Still unreachable

The connection could not be restored.

Session expired

The server has moved on; the page needs a fresh start.